 Seeded DCSS version 0.30.1 (webtiles) character file.

Game seed: 6351066067085065685 (custom seed)

2504 Esekla the Reanimator (level 9, 0/45 HPs)
             Began as a Deep Elf Necromancer on July 7, 2023.
             Was a Believer of Vehumet.
             Slain by Joseph
             ... wielding a +0 quarterstaff
              (11 damage)
             ... on level 7 of the Dungeon.
             The game lasted 00:28:50 (6241 turns).

Esekla the Reanimator (Deep Elf Necromancer)        Turns: 6241, Time: 00:28:51

Health: 0/45       AC:  5    Str:  5    XL:     9   Next: 28%
Magic:  8/24       EV: 15    Int: 25    God:    Vehumet [**....]
Gold:   391        SH:  0    Dex: 18    Spells: 19/26 levels left

rFire   . . .        a - +5 rapier of the Hero {heavy, rN+ Dex+3}
rCold   . . .        (no shield)
rNeg    + . .        k - +0 robe
rPois   .            w - +0 helmet
rElec   .            K - +0 cloak
rCorr   .            h - +0 pair of gloves
SInv    .            (no boots)
Will    .....        A - amulet of magic regeneration
Stlth   +++          (no ring)
HPRegen 0.27/turn    (no ring)
MPRegen 0.59/turn

%: no passive effects
@: no status effects
A: no striking features
a: Renounce Religion


You were on level 7 of the Dungeon.
You worshipped Vehumet.
Vehumet was pleased with you.
You visited 1 branch of the dungeon, and saw 7 of its levels.

You collected 391 gold pieces.

Inventory:

Hand Weapons
 a - the +5 rapier of the Hero (weapon) {heavy, rN+ Dex+3}
   (You found it on level 3 of the Dungeon)

   Dex:       It affects your dexterity (+3).
   rN:        It protects you from negative energy.
 c - a +0 scimitar
 r - a +4 trident of venom
 s - a +2 vampiric dagger
Missiles
 t - 23 poisoned darts (quivered)
 H - 4 throwing nets
Armour
 h - a +0 pair of gloves (worn)
 k - a +0 robe (worn)
 w - a +0 helmet (worn)
 G - a +0 buckler
 K - a +0 cloak (worn)
Jewellery
 A - an amulet of magic regeneration (around neck)
Wands
 B - a wand of flame (14)
 F - a wand of roots (19)
 J - a wand of mindburst (9)
Scrolls
 e - 3 scrolls of fear {unknown}
 f - 2 scrolls of identify
 j - a scroll of immolation {unknown}
 m - 2 scrolls of amnesia {unknown}
 n - a scroll of enchant armour {unknown}
 o - 5 scrolls of blinking {unknown}
 q - 2 scrolls of fog {unknown}
 u - 3 scrolls of enchant weapon {unknown}
 x - a scroll of summoning {unknown}
 z - a scroll of silence {unknown}
 D - a scroll of magic mapping {unknown}
 E - 2 scrolls of teleportation {unknown}
 I - a scroll of poison {unknown}
Potions
 b - a potion of magic
 d - 3 potions of ambrosia
 g - 4 potions of curing
 i - 6 potions of attraction
 l - 2 potions of haste {unknown}
 p - 3 potions of brilliance
 v - a potion of mutation
 y - 2 potions of heal wounds
 C - a potion of lignification


   Skills:
 + Level 3.8 Short Blades
 + Level 1.4 Throwing
 * Level 5.8 Dodging
 + Level 5.1 Stealth
 * Level 1.0 Shields
 * Level 9.0 Spellcasting
 * Level 9.5 Necromancy
 + Level 4.0 Translocations


You had 19 spell levels left.
You knew the following spells:

 Your Spells              Type           Power      Damage    Failure   Level
a - Necrotise             Necr           100%       1d9       1%          1
d - Vampiric Draining     Necr           56%        2d10      1%          3
t - Teleport Other        Tloc           31%        N/A       3%          3

Your spell library contained the following spells:

 Spells                   Type           Power      Damage    Failure   Level
 Momentum Strike          Conj/Tloc      42%        3d9       3%          2
 Lesser Beckoning         Tloc           62%        N/A       1%          2
 Animate Dead             Necr           56%        N/A       1%          4
 Gell's Gravitas          Tloc           31%        N/A       3%          3
 Agony                    Necr           56%        N/A       3%          5
 Spider Form              Tmut/Pois      11%        N/A       16%         3
 Cause Fear               Hex            5%         N/A       47%         4
 Summon Mana Viper        Hex/Summ       11%        N/A       83%         5


Dungeon Overview and Level Annotations

Branches:
Dungeon (7/15)             Temple (0/1) D:6

Altars:
Dithmenos
Fedhas
Hepliaklqana
Okawaru
Qazlal
Trog
Vehumet
Zin
The Shining One

Shops:
D:2 =   D:4 (

Annotations:
D:7 Joseph


Message History

You draw life force from Joseph!
You feel life coursing into your body. Joseph misses you.
Casting: Vampiric Draining (safe; 1% risk of failure)
Confirm with . or Enter, or press ? or * to list all spells.
Aiming: Vampiric Draining (safe; 1% risk of failure)
Press: ? - help, Shift-Dir - straight line, f/p - Joseph
Aim: Joseph, wielding a +0 quarterstaff and wearing a +0 leather armour (moderately wounded)
You draw life force from Joseph!
You feel life coursing into your body. Joseph hits you but does no damage.
You feel the dreadful sensation subside.
You feel agile.
a - the +5 rapier of the Hero (weapon)
{heavy, rN+ Dex+3} Joseph hits you with a +0 quarterstaff!
You hit Joseph.
Joseph is heavily wounded.
Joseph hits you with a +0 quarterstaff!!
Casting: Vampiric Draining (safe; 1% risk of failure)
Confirm with . or Enter, or press ? or * to list all spells.
Aiming: Vampiric Draining (safe; 1% risk of failure)
Press: ? - help, Shift-Dir - straight line, f/p - Joseph
Aim: Joseph, wielding a +0 quarterstaff and wearing a +0 leather armour (heavily wounded)
You draw life force from Joseph!
You feel life coursing into your body. Joseph hits you with a +0 quarterstaff!
* * * LOW HITPOINT WARNING * * *
Casting: Vampiric Draining (safe; 1% risk of failure)
Confirm with . or Enter, or press ? or * to list all spells.
Aiming: Vampiric Draining (safe; 1% risk of failure)
Press: ? - help, Shift-Dir - straight line, f/p - Joseph
Aim: Joseph, wielding a +0 quarterstaff and wearing a +0 leather armour (severely wounded)
You draw life force from Joseph!
You feel life coursing into your body. Joseph hits you with a +0 quarterstaff!
* * * LOW HITPOINT WARNING * * *
Casting: Vampiric Draining (safe; 1% risk of failure)
Confirm with . or Enter, or press ? or * to list all spells.
Aiming: Vampiric Draining (safe; 1% risk of failure)
Press: ? - help, Shift-Dir - straight line, f/p - Joseph
Aim: Joseph, wielding a +0 quarterstaff and wearing a +0 leather armour (severely wounded)
You draw life force from Joseph!
You feel life coursing into your body! Joseph hits you with a +0 quarterstaff!
You die...

...#####'##....# ..
#..##....# .
#.###....####### #.#
#........... #######.#
#.....#######
........#######.#<....#
.............##.##.#..#.#
.......@[....'...........
.......#@....#####.####..
.h...>.#.....#.<.....##..
.......#.....#.###.#.##..
.......#.....#.# #.#.##..
.......#.....#.# #.#.##..
########.....#.###.#. #..
#/....#.....#.##..
#############..'..
######..


You could see Joseph.

Vanquished Creatures
  Pikel (D:6)
  A wyvern (D:7)
  Menkaure (D:7)
  An ice beast (D:6)
  A sky beast (D:6)
  2 black bears
  An ogre (D:5)
  A centaur (D:7)
  A phantom (D:7)
  Blork the orc (D:6)
  A kobold brigand (D:6)
  A gnoll sergeant (D:6)
  A bullfrog (D:7)
  2 scorpions (D:5)
  A gnoll bouda (D:3)
  5 hounds
  A jelly (D:6)
  Crazy Yiuf (D:7)
  A sleepcap (D:5)
  5 iguanas
  An orc wizard (D:7)
  16 gnolls
  9 adders
  4 white imps
  An ufetubus (D:6)
  A worm (D:4)
  3 dart slugs
  15 orcs
  6 ball pythons
  4 endoplasms
  8 goblins
  5 hobgoblins
  A quokka (D:1)
  4 bats
  4 frilled lizards
  12 kobolds
  A rat (D:2)
125 creatures vanquished.

Notes
Turn   | Place    | Note
-------+----------+-------------------------------------------
     0 | D:1      | Esekla the Deep Elf Necromancer began the quest for the
                  | Orb.
     0 | D:1      | Reached XP level 1. HP: 10/10 MP: 6/6
    99 | D:1      | Reached skill level 5 in Necromancy
   219 | D:1      | Reached XP level 2. HP: 4/13 MP: 8/8
   376 | D:4      | Found a radiant altar of Vehumet.
   380 | D:4      | Became a worshipper of Vehumet
   552 | D:3      | Identified the +5 rapier of the Hero {heavy, rN+ Dex+3}
   598 | D:2      | Found Renulab's Jewellery Shop.
  1010 | D:3      | Found a stormy altar of Qazlal.
  1041 | D:3      | Found a hazy altar of Hepliaklqana.
  1043 | D:3      | Found a bloodstained altar of Trog.
  1058 | D:3      | Reached skill level 1 in Short Blades
  1058 | D:3      | Reached XP level 3. HP: 19/19 MP: 10/10
  1062 | D:3      | Learned a level 3 spell: Vampiric Draining
  1176 | D:3      | Reached XP level 4. HP: 22/24 MP: 11/11
  1737 | D:1      | Reached * piety under Vehumet
  1737 | D:1      | Offered knowledge of Foxfire by Vehumet.
  1918 | D:2      | Noticed a black bear
  1928 | D:2      | Reached XP level 5. HP: 19/28 MP: 7/13
  2010 | D:2      | Found a faded altar of an unknown god.
  2044 | D:2      | Killed a black bear
  2160 | D:2      | Learned a level 3 spell: Teleport Other
  2485 | D:4      | Found Ponaysk's Antique Weapon Boutique.
  2634 | D:4      | Found a glowing silver altar of Zin.
  2672 | D:4      | Reached XP level 6. HP: 32/32 MP: 14/14
  3039 | D:3      | Reached skill level 5 in Spellcasting
  3341 | D:4      | Found an iron altar of Okawaru.
  3370 | D:4      | Found a glowing golden altar of the Shining One.
  3598 | D:5      | Entered Level 5 of the Dungeon
  3669 | D:5      | Reached skill level 1 in Translocations
  3733 | D:5      | Reached XP level 7. HP: 36/36 MP: 17/17
  4060 | D:5      | Found a shadowy altar of Dithmenos.
  4257 | D:5      | Offered knowledge of Kiss of Death by Vehumet.
  4341 | D:5      | Reached skill level 1 in Throwing
  4391 | D:5      | Got the Parchment of the Lumpy Olives
  4549 | D:6      | Reached ** piety under Vehumet
  4593 | D:6      | Found a blossoming altar of Fedhas.
  4609 | D:6      | Reached XP level 8. HP: 41/41 MP: 14/19
  4723 | D:6      | Found a staircase to the Ecumenical Temple.
  4814 | D:6      | Noticed Pikel
  4838 | D:6      | Killed Pikel
  4839 | D:6      | Reached skill level 5 in Dodging
  5045 | D:6      | Reached skill level 5 in Stealth
  5046 | D:6      | Noticed Blork the orc
  5329 | D:6      | Killed Blork the orc
  5596 | D:7      | Reached XP level 9. HP: 42/45 MP: 20/23
  5705 | D:7      | Noticed Menkaure
  5710 | D:7      | Killed Menkaure
  5790 | D:7      | Offered knowledge of Momentum Strike by Vehumet.
  5850 | D:7      | Reached skill level 1 in Shields
  5900 | D:7      | Found a runed translucent door.
  5901 | D:7      | Noticed Crazy Yiuf
  5910 | D:7      | Killed Crazy Yiuf
  6197 | D:7      | Noticed Joseph
  6241 | D:7      | Slain by Joseph

Illustrated notes

Levels and vault maps discovered:
D:1:      sevenhm_arrival_forest_fort_small_3, layout_rooms,
          chequers_serial_rivers_room_b, minmay_misc_feat_five
D:2:      layout_loops_ring, dreamdust_ecumenical_altar_angels_and_demons,
          serial_shops, shop
D:3:      layout_basic, grunt_temple_overflow_open, minmay_misc_feat_iff
D:4:      layout_basic, nicolae_overflow_quartered_altars, serial_shops,
          nicolae_diamond_shop
D:5:      layout_loops_ring, lemuel_doored_altar, minmay_misc_feat_rows,
          dreamdust_wishing_well
D:6:      layout_loops_cross, fedhas_altar_fruit_tree,
          minmay_temple_entry_glass, uniq_pikel, uniq_blork_the_orc
D:7:      layout_basic, uniq_menkaure, uniq_joseph, uniq_crazy_yiuf_cottage

Skill      XL: |  1  2  3  4  5  6  7  8  9 |
---------------+----------------------------+-----
Necromancy     | 5 6 7 9 |  9.5
Short Blades   | 1 2 3 |  3.8
Dodging        | 3 4 5 |  5.8
Stealth        | 3 4 5 |  5.1
Spellcasting   | 4 5 6 8 9 |  9.0
Translocations | 1 2 3 4 |  4.0
Throwing       | 1 |  1.4
Shields        | 1 |  1.0

Action                     |  1- 3 |  4- 6 |  7- 9 || total
---------------------------+-------+-------+-------++-------
  Melee: Short sword       |    37 |       |       ||    37
         Unarmed           |     6 |       |       ||     6
         Rapier            |    24 |    72 |    84 ||   180
  Throw: Dart              |       |    15 |    12 ||    27
   Cast: Vampiric Draining |       |    31 |    41 ||    72
  Evoke: Wand              |       |     1 |     3 ||     4
    Use: Scroll            |       |       |     6 ||     6
         Potion            |       |       |     2 ||     2
   Stab: Sleeping          |     3 |    11 |     7 ||    21
 Armour: Robe              |    10 |    16 |    21 ||    47
  Dodge: Dodged            |    46 |    62 |    87 ||   195
